Map: [ESL] Moondance

Players

Astrea

  • Race: Protoss Protoss
  • League: Master
  • Spawn Location: 6:00

LiquidClem (Clem) - Winner!

  • Race: Terran Terran
  • League: Grandmaster
  • Spawn Location: 12:00

Event: HomeStory Cup XXII

VOD

Have the link to the VOD?

Description

Time

  • Played on: Dec. 18, 2022, 10:42 a.m.
  • Length: 4:09

All games in this series

Show
View Real Time Build Order
Export as new Build Order

Astrea Protoss 

Build Orders: 1 Gate Expand 

Get SALT Encoding   

  12  0:00  Probe  
  13  0:12  Probe  
  14  0:16  Pylon  
  14  0:24  Probe (Chrono Boost)  
  16  0:36  Gateway, Probe (Chrono Boost)  
  16  0:42  Probe (Chrono Boost)  
  16  0:44  Assimilator  
  17  0:51  Probe  
  18  1:03  Probe  
  19  1:15  Probe  
  20  1:20  Nexus  
  20  1:29  Cybernetics Core  
  20  1:33  Probe  
  20  1:38  Assimilator  
  21  1:45  Probe  
  22  1:48  Pylon  
  22  1:57  Probe  
  23  2:04  Adept (Chrono Boost)  
  23  2:05  Probe  
  23  2:06  Warp Gate  
  25  2:13  Probe  
  26  2:15  Twilight Council  
  27  2:24  Probe (Chrono Boost)  
  27  2:30  Stalker  
  27  2:33  Probe (Chrono Boost)  
  31  2:42  Probe x2 (Chrono Boost)  
  32  2:47  Probe (Chrono Boost)  
  32  2:48  Probe  
  34  2:59  Probe  
  34  3:01  Probe  
  36  3:09  Gateway  
  36  3:11  Probe  
  37  3:13  Probe  
  37  3:17  Robotics Facility  
  38  3:23  Probe  
  38  3:25  Probe  
  40  3:31  Pylon  
  37  3:35  Probe  
  37  3:37  Probe  
  35  3:48  Probe  
  30  3:49  Probe  
  30  3:54  Stalker  
Show
View Real Time Build Order
Export as new Build Order

LiquidClem Terran - Winner!

Build Orders:  

Get SALT Encoding   

  12  0:00  SCV  
  13  0:12  SCV  
  14  0:17  Supply Depot  
  14  0:24  SCV  
  15  0:38  SCV  
  15  0:39  Barracks  
  16  0:45  Refinery  
  16  0:50  SCV  
  16  0:55  Refinery  
  17  1:02  SCV  
  18  1:14  SCV  
  19  1:26  Reaper, Orbital Command  
  19  1:28  Supply Depot  
  20  1:42  Factory  
  20  1:53  SCV  
  21  1:58  Barracks Reactor  
  21  2:05  SCV  
  22  2:15  Command Center  
  22  2:17  SCV  
  23  2:29  Hellion  
  25  2:30  SCV  
  25  2:35  Reaper  
  25  2:36  Reaper  
  28  2:38  Supply Depot  
  28  2:42  SCV  
  29  2:51  Hellion  
  31  2:55  Starport  
  31  3:00  SCV  
  32  3:06  Marine  
  32  3:07  Marine  
  32  3:09  Supply Depot  
  32  3:12  Widow Mine  
  36  3:14  SCV  
  37  3:26  SCV  
  38  3:27  Marine  
  38  3:28  Marine  
  38  3:32  Medivac  
  42  3:35  Widow Mine  
  43  3:46  Marine x2  
  44  3:50  SCV  
  45  3:58  Barracks, Factory Tech Lab  
Tags
 
Add a new tag
Caveats
  • Supply blocks, unpowered buildings, or Contaminate may cause inaccurate times.
  • Supply counts are checked every 10 seconds.